 Dungeon Sprint DCSS version 0.19.0-19-g8c6edcc (webtiles) character file.

1670 poirepourri the Earth Mage (level 9, -8/45 HPs)
             Began as a Gargoyle Earth Elementalist on Nov 12, 2016.
             Was a Follower of Vehumet.
             Shot with an arrow by a centaur warrior (19 damage)
             ... in the Dungeon (Sprint I: "Red Sonja").
             The game lasted 00:01:24 (628 turns).

poirepourri the Earth Mage (GrEE)                    Turns: 628, Time: 00:01:24

Health: -8/45      AC:  7    Str: 13    XL:     9   Next: 1%
Magic:  17/22      EV: 14    Int: 18    God:    Vehumet [*.....]
Gold:   636        SH:  0    Dex: 10    Spells: 5 memorised, 12 levels left

rFire  . . .     SeeInvis .     b - 35 stones
rCold  . . .     Gourm    .     c - +0 robe
rNeg   + . .     Faith    .     (no shield)
rPois  ∞         Spirit   .     (no helmet)
rElec  +         Reflect  .     (no cloak)
rCorr  .         Harm     .     (no gloves)
MR     .....     NoTele   +     (no boots)
Stlth  +++.......               (no amulet)
                                (no ring)
                                (no ring)

@: no status effects
A: negative energy resistance 1, electricity resistance, unbreathing,
petrification resistance, rot immunity, AC +5
a: Renounce Religion


You were in the Dungeon.
You worshipped Vehumet.
Vehumet was aware of your devotion.
You were not hungry.

You visited 1 branch You collected 636 gold pieces.

Inventory:

Missiles
 b - 35 stones (in hand)
Armour
 c - a +0 robe (worn)
Scrolls
 a - a scroll of identify
 j - a scroll of blinking
Potions
 g - a potion of haste
 h - 3 potions of magic
 i - a potion of berserk rage
Books
 k - a book of Geomancy

   Spells                             Type                      Level
   a - Sandblast                      Earth                        1
   b - Passwall                       Transmutation/Earth          2
   c - Stone Arrow                    Conjuration/Earth            3
   d - Petrify                        Transmutation/Earth          4
   e - Lee's Rapid Deconstruction     Earth                        5
Comestibles
 d - a bread ration
 l - a meat ration


   Skills:
 + Level 5.8 Dodging
 + Level 6.6 Stealth
 + Level 9.9 Spellcasting
 + Level 1.2 Conjurations
 + Level 1.0 Transmutations
 + Level 16.1 Earth Magic


You had 12 spell levels left.
You knew the following spells:

 Your Spells              Type           Power        Failure   Level  Hunger
a - Sandblast             Erth           ######       0%          1    None
b - Passwall              Tmut/Erth      #####.....   1%          2    None
c - Stone Arrow           Conj/Erth      #####.       1%          3    None
d - Petrify               Tmut/Erth      #####...     2%          4    ###....
e - Lee's Rapid Deconstr  Erth           ######....   1%          5    #####..


Dungeon Overview and Level Annotations

Branches:
Dungeon (1/1)

Altars:
Cheibriados
Dithmenos
Elyvilon
Fedhas
Gozag
Hepliaklqana
Kikubaaqudgha
Makhleb
Nemelex Xobeh
Okawaru
Qazlal
Ru
Sif Muna
Trog
Uskayaw
Vehumet
Xom
Yredelemnul
Zin
The Shining One
Jiyva
Lugonu

Shops:
D :}[


Innate Abilities, Weirdness & Mutations

You are resistant to torment.
Your stone body is resilient. (AC +5)
You are immune to poison.
You resist negative energy. (rN+)
You are resistant to electric shocks. (rElec)
You can survive without breathing.
You are immune to petrification.
You are immune to rotting.


Message History

Press: ? - help, Dir - move target cursor
Okay, then.
Casting: Lee's Rapid Deconstruction
Confirm with . or Enter, or press ? or * to list all spells.
Aiming: Sandblast
Press: ? - help, Shift-Dir - straight line, f - centaur warrior
Aim: a centaur warrior, wielding a shortbow (purple smoke)
The rocky blast hits the centaur warrior.
The centaur warrior is lightly wounded.
The centaur warrior shoots an arrow.
The arrow hits you!
* * * LOW HITPOINT WARNING * * *
You feel much better.
The centaur warrior shoots an arrow.
The arrow hits you.
The centaur warrior shoots an arrow.
The arrow hits you!
There is an open door here.
You see here an arrow.
The centaur warrior shoots an arrow.
The arrow hits you!
* * * LOW HITPOINT WARNING * * *
You see here an arrow.
You feel better.
The centaur warrior shoots an arrow.
The arrow hits you!!
You die...

#..#####'#####'#__####
#..####..#...#.####[§#
#..#__####..##.#≈§§§.#
#..#_____##)#..+§≈§§§+
#⌠⌠#_.∩...'.(._#§c≈§c#
####_..__##_.#'##§###
#_____###'#.#§§c§###
############.####c###.##
#∩^.......'...'@(§..'.∩#
###++++####...##########
##.## #+#


You could see 2 centaur warriors.

Vanquished Creatures
  Sonja (D)
  A deep troll (D)
  A slime creature (D)
  Sigmund (D)
  A yak (D)
  An ogre (D)
  A jelly (D)
  Ijyb (D)
8 creatures vanquished.

Vanquished Creatures (others)
  2 hornets (D)
2 creatures vanquished.

Grand Total: 10 creatures vanquished

Notes
Turn   | Place    | Note
-------+----------+-------------------------------------------
     0 | D        | poirepourri the Gargoyle Earth Elementalist began the quest for the Orb.
     0 | D        | Reached XP level 1. HP: 10/10 MP: 3/3
     1 | D        | Noticed Ijyb
     5 | D        | Killed Ijyb
     5 | D        | Reached skill level 6 in Earth Magic
     5 | D        | Reached XP level 2. HP: 15/15 MP: 0/5
     5 | D        | Reached XP level 3. HP: 19/19 MP: 0/7
   103 | D        | Noticed an ogre
   105 | D        | Killed an ogre
   105 | D        | Reached skill level 9 in Earth Magic
   105 | D        | Reached XP level 4. HP: 24/24 MP: 6/10
   186 | D        | Learned a level 2 spell: Passwall
   190 | D        | Learned a level 3 spell: Stone Arrow
   195 | D        | Learned a level 4 spell: Petrify
   198 | D        | Noticed Sigmund
   200 | D        | Killed Sigmund
   200 | D        | Reached skill level 5 in Spellcasting
   200 | D        | Reached skill level 11 in Earth Magic
   200 | D        | Reached XP level 5. HP: 18/28 MP: 9/13
   200 | D        | Reached XP level 6. HP: 21/32 MP: 9/14
   207 | D        | Learned a level 5 spell: Lee's Rapid Deconstruction
   220 | D        | Found a deep blue altar of Sif Muna.
   223 | D        | Found a radiant altar of Vehumet.
   242 | D        | Became a worshipper of Vehumet
   310 | D        | Found Mesheis's Gadget Emporium.
   310 | D        | Found an ancient bone altar of Kikubaaqudgha.
   310 | D        | Found a hazy altar of Hepliaklqana.
   310 | D        | Found a stormy altar of Qazlal.
   310 | D        | Found a hide-covered altar of Uskayaw.
   310 | D        | Found a blossoming altar of Fedhas.
   310 | D        | Found a bloodstained altar of Trog.
   310 | D        | Found an iron altar of Okawaru.
   310 | D        | Found a basalt altar of Yredelemnul.
   310 | D        | Found a glowing golden altar of the Shining One.
   310 | D        | Found a snail-covered altar of Cheibriados.
   310 | D        | Found a sacrificial altar of Ru.
   310 | D        | Found a glowing silver altar of Zin.
   310 | D        | Found a shadowy altar of Dithmenos.
   310 | D        | Found a white marble altar of Elyvilon.
   310 | D        | Noticed a yak
   314 | D        | Killed a yak
   314 | D        | Reached skill level 5 in Stealth
   314 | D        | Reached skill level 1 in Transmutations
   314 | D        | Reached skill level 12 in Earth Magic
   315 | D        | Found an opulent altar of Gozag.
   316 | D        | Found a sparkling altar of Nemelex Xobeh.
   411 | D        | Found a burning altar of Makhleb.
   411 | D        | Found a viscous altar of Jiyva.
   411 | D        | Found a shimmering altar of Xom.
   411 | D        | Found a corrupted altar of Lugonu.
   411 | D        | Noticed a slime creature
   415 | D        | Killed a slime creature
   415 | D        | Reached skill level 13 in Earth Magic
   415 | D        | Reached XP level 7. HP: 36/36 MP: 10/18
   471 | D        | Noticed Sonja
   475 | D        | Killed Sonja
   475 | D        | Reached * piety under Vehumet
   475 | D        | Offered knowledge of Sting by Vehumet.
   475 | D        | Reached skill level 5 in Dodging
   475 | D        | Reached skill level 15 in Earth Magic
   475 | D        | Reached XP level 8. HP: 41/41 MP: 11/21
   524 | D        | Killed a hornet
   536 | D        | Found Usiyz's Book Boutique.
   544 | D        | Killed a hornet
   560 | D        | Noticed a deep troll
   564 | D        | Killed a deep troll
   564 | D        | Reached skill level 1 in Conjurations
   564 | D        | Reached skill level 16 in Earth Magic
   564 | D        | Reached XP level 9. HP: 45/45 MP: 15/22
   575 | D        | Found Busair's Armour Emporium.
   621 | D        | Noticed a centaur warrior
   621 | D        | Noticed a centaur warrior
   628 | D        | Shot with an arrow by a centaur warrior

Skill      XL: |  1  2  3  4  5  6  7  8 |
---------------+-------------------------+-----
Dodging        | 2 3 4 5 |  5.8
Earth Magic    | 6 9 11 13 15 16 | 16.1
Stealth        | 3 4 5 6 |  6.6
Spellcasting   | 4 5 7 9 |  9.9
Transmutations | 1 |  1.0
Conjurations   | 1 |  1.2

Action                   |  1- 3 |  4- 6 |  7- 9 || total
-------------------------+-------+-------+-------++-------
 Cast: Sandblast         |     4 |     9 |     7 ||    20
       Stone Arrow       |       |     2 |     3 ||     5
       Lee's Rapid Decon |       |       |     1 ||     1
  Use: Scroll            |       |       |     2 ||     2
       Potion            |       |       |     2 ||     2
Dodge: Dodged            |       |     1 |     4 ||     5
